 Dungeon Crawl Stone Soup version 0.27-a0-1565-gad902ab807 (webtiles) character file.

Game seed: 3241558583264461504

107 bilbop the Caller (level 5, 0/29 HPs)
             Began as a Kobold Summoner on July 16, 2021.
             Succumbed to an orc wizard's poison
             ... on level 3 of the Dungeon.
             The game lasted 00:13:45 (3232 turns).

bilbop the Caller (Kobold Summoner)                 Turns: 3232, Time: 00:13:45

Health: 0/29       AC:  7    Str:  6    XL:     5   Next: 10%
Magic:  5/9        EV: 14    Int: 16    God:
Gold:   97         SH:  4    Dex: 16    Spells: 6/9 levels left

rFire    + . .     SeeInvis .   a - +0 dagger
rCold    . . .     Faith    .   p - +0 buckler
rNeg     . . .     Spirit   .   s - +1 robe {rF+}
rPois    .         Reflect  .   w - +0 helmet
rElec    .         Harm     .   h - +2 cloak
rCorr    .         Rampage  .   (no gloves)
Will     .....                  (no boots)
Stlth    +++.......             (no amulet)
HPRegen  0.09/turn              (no ring)
MPRegen  0.11/turn              (no ring)

@: brilliant, lethally poisoned (0 -> -4)
A: small, no large weapons, nightstalker 3
a: no special abilities


You were on level 3 of the Dungeon.
You visited 1 branch of the dungeon, and saw 3 of its levels.

You collected 97 gold pieces.

Inventory:

Hand Weapons
 a - a +0 dagger (weapon)
 d - a +0 short sword
Armour
 c - a +0 robe
 h - a +2 cloak (worn)
 p - a +0 buckler (worn)
 s - a +1 robe of fire resistance (worn)
 w - a +0 helmet (worn)
Jewellery
 i - an amulet of faith
Wands
 v - a wand of polymorph (5)
Scrolls
 b - a scroll of amnesia {unknown}
 k - 3 scrolls of identify {unknown}
 l - a scroll of enchant weapon {unknown}
 n - a scroll of fear {unknown}
 o - a scroll of blinking {unknown}
 q - a scroll of holy word {unknown}
 r - 2 scrolls of noise {unknown}
 u - a scroll of vulnerability {unknown}
Potions
 e - a potion of haste
 j - a potion of attraction {unknown}
 m - a potion of mutation {unknown}
 t - a potion of curing {unknown}


   Skills:
 + Level 1.5 Fighting
 + Level 2.0 Short Blades
 + Level 3.2 Dodging
 + Level 3.5 Stealth
 + Level 0.0 Shields
 + Level 2.9 Spellcasting
 + Level 4.4 Summonings


You had 6 spell levels left.
You knew the following spells:

 Your Spells              Type           Power      Damage    Failure   Level
a - Summon Small Mammal   Summ           96%        N/A       5%          1
b - Call Imp              Summ           24%        N/A       8%          2

Your spell library contained the following spells:

 Spells                   Type           Power      Damage    Failure   Level
 Call Canine Familiar     Summ           24%        N/A       16%         3
 Summon Guardian Golem    Hex/Summ       14%        N/A       36%         3
 Summon Lightning Spire   Summ/Air       14%        N/A       77%         4


Dungeon Overview and Level Annotations

Branches:
Dungeon (3/15)

Altars:


Innate Abilities, Weirdness & Mutations

You are small and have problems with some larger weapons.
You are completely attuned to the shadows.


Message History

The orc barely misses your white imp. Something hits you.
You are more poisoned.
The orc hits your white imp with a +0 hand axe.
Your crimson imp barely misses something.
You barely miss something.
You feel very sick.
You hear some strange, mumbled words.
A magic dart appears from out of thin air!
The magic dart hits you!
The orc hits your white imp with a +0 short sword.
Your white imp dies!
You closely miss something.
You feel very sick.
Your crimson imp hits something but does no damage.
Something barely misses you.
You miss something.
* * * LOW HITPOINT WARNING * * *
You feel sick. The orc misses you.
Your crimson imp closely misses something.
You hear some strange, mumbled words.
You are confused.
It was a potion of cancellation.
Your magical effects are unravelling.
You feel magically purged.
You feel less confused.
* * * LOW HITPOINT WARNING * * *
You feel sick. You block the orc's attack.
Your crimson imp barely misses something.
You hear some strange, mumbled words.
A magic dart appears from out of thin air!
The magic dart hits you.
* * * LOW HITPOINT WARNING * * *
You miss something.
* * * LOW HITPOINT WARNING * * *
You feel sick.
Your crimson imp completely misses something.
You block something's attack.
It was a potion of brilliance.
You feel clever all of a sudden.
You die...

...........#...........###
#......###................
...###.# ######.#####.##..
##.# #.# #..# #..#..
#.###.# ##.###....#
#..##.# ##......####
###..#.### ##....#### #
##.....## #..#..#
######.#... .#o@.#
........... #{o## ######
.#####.####
#5...#########....# .#
#... .......>........####
.# ...##
##..#.........#### ...
.### ...#.........#####
#### #..#..........)...
......<...........#
##...............#


You could see 2 orcs and a friendly crimson imp (summoned).

Vanquished Creatures
  Jessica (D:2)
  A dart slug (D:2)
  3 bats
  4 endoplasms (D:1)
  A giant cockroach (D:1)
  3 goblins
  5 hobgoblins
  7 jackals (D:2)
  2 quokkas (D:2)
  7 ball pythons
  6 frilled lizards
  A kobold (D:1)
  A rat (D:1)
42 creatures vanquished.

Vanquished Creatures (collateral kills)
  A hound (D:2)
  2 orcs (D:3)
  2 endoplasms (D:1)
  A giant cockroach (D:1)
  2 goblins (D:1)
  2 hobgoblins (D:2)
  2 jackals (D:2)
  A quokka (D:2)
  A ball python (D:1)
  A frilled lizard (D:1)
  2 kobolds
  2 rats
19 creatures vanquished.

Grand Total: 61 creatures vanquished

Notes
Turn   | Place    | Note
-------+----------+-------------------------------------------
     0 | D:1      | bilbop the Kobold Summoner began the quest for the Orb.
     0 | D:1      | Reached XP level 1. HP: 10/10 MP: 3/3
   188 | D:1      | Reached XP level 2. HP: 5/15 MP: 1/5
  1153 | D:1      | Reached skill level 1 in Fighting
  1153 | D:1      | Reached XP level 3. HP: 20/20 MP: 6/6
  1163 | D:1      | Found a faded altar of an unknown god.
  1286 | D:1      | Reached skill level 1 in Short Blades
  2328 | D:2      | Reached XP level 4. HP: 11/25 MP: 2/8
  2717 | D:2      | Noticed Jessica
  2724 | D:2      | Learned a level 2 spell: Call Imp
  2730 | D:2      | Killed Jessica
  2944 | D:3      | Reached XP level 5. HP: 29/29 MP: 9/9
  3231 | D:3      | HP: 1/29 [poisoned by an orc wizard]
  3232 | D:3      | Succumbed to an orc wizard's poison

Illustrated notes

Levels and vault maps discovered:
D:1:      sevenhm_arrival_forest_fort_small_4, layout_loops_cross,
          shapermc_ecumenical_altar_acropolis
D:2:      layout_loops_corners, kennysheep_jessica_study
D:3:      layout_rooms, kennysheep_small_spiral, kennysheep_generic_room_7

Skill      XL: |  1  2  3  4  5 |
---------------+----------------+-----
Stealth        | 3 |  3.5
Fighting       | 1 |  1.5
Short Blades   | 1 2 |  2.0
Dodging        | 3 |  3.2
Spellcasting   | |  2.9
Summonings     | |  4.4

Action                   |  1- 3 |  4- 6 || total
-------------------------+-------+-------++-------
Melee: Short sword       |     5 |       ||     5
       Dagger            |    93 |    32 ||   125
 Cast: Summon Small Mamm |    31 |     3 ||    34
       Call Imp          |       |     4 ||     4
  Use: Potion            |       |     2 ||     2
 Stab: Sleeping          |    21 |     7 ||    28
Armor: Robe              |    33 |     5 ||    38
Dodge: Dodged            |    81 |    22 ||   103
Block: Buckler           |       |     6 ||     6

Table legend: (Time is in decaauts)
 A = Elapsed time spent in this place.
 B = Non-inter-level travel time spent in this place.
 C = Inter-level travel time spent in this place.
 D = Time resting spent in this place.
 E = Time spent auto-exploring this place.
 F = Levels seen in this place.
 G = Mean time per level.
                   A        B        C        D        E       F      G
               +--------+--------+--------+--------+--------+-----+--------+
         Total |   3224 |   3147 |     77 |    192 |   2488 |   3 | 1074.7 |
       Dungeon |   3224 |   3147 |     77 |    192 |   2488 |   3 | 1074.7 |
               +--------+--------+--------+--------+--------+-----+--------+

Top non-repeatable levels by time:
     D:1: 1514 daAuts
     D:2: 1415 daAuts
     D:3: 295 daAuts
